 Dungeon Crawl Stone Soup version 0.30.0-15-g856e2d3f33 (webtiles) character file.

Game seed: 2378682313561830145

1005 qw the Chopper (level 8, -1/50 HPs)
             Began as a Gargoyle Fighter on May 20, 2023.
             Was an Initiate of Okawaru.
             Slain by a vampire mosquito (9 damage)
             ... on level 6 of the Dungeon.
             The game lasted 00:01:44 (4381 turns).

qw the Chopper (Gargoyle Fighter)                   Turns: 4381, Time: 00:01:45

Health: -1/50      AC: 18    Str: 22    XL:     8   Next: 20%
Magic:  8/8        EV:  6    Int:  9    God:    Okawaru [......]
Gold:   233        SH:  4    Dex:  9    Spells: 7/7 levels left

rFire   . . .        Y - +0 war axe
rCold   . . .        c - +0 buckler
rNeg    + . .        h - +1 plate armour
rPois   inf          (no helmet)
rElec   +            (no cloak)
rCorr   .            (no gloves)
SInv    +            (no boots)
Will    .....        (no amulet) Stlth
                     e - ring of see invisible
HPRegen 0.28/turn    (no ring)
MPRegen 0.11/turn

%: no passive effects
@: no status effects
A: sickness immunity, AC +5, negative energy resistance 1, electricity
resistance, torment resistance 1, petrification resistance
a: Renounce Religion


You were on level 6 of the Dungeon.
You worshipped Okawaru.
Okawaru was noncommittal.
You visited 1 branch of the dungeon, and saw 6 of its levels.

You collected 268 gold pieces.
You spent 35 gold pieces at shops.


Innate Abilities, Weirdness & Mutations

You are immune to sickness and miasma.
Your stone body is resilient. (AC +5)
You are immune to poison.
You resist negative energy. (rN+)
You are resistant to electric shocks. (rElec)
You are resistant to unholy torment.
You are immune to petrification.


   Skills:
 - Level 5.5 Fighting
 - Level 7.3 Axes
 - Level 1.0 Throwing
 + Level 3.5 Armour
 - Level 1.5 Dodging
 - Level 3.2 Shields


You had 7 spell levels left.
You didn't know any spells.
Your spell library was empty.

Inventory:

Hand Weapons
 i - a +0 heavy flail
 Y - a +0 war axe (weapon)
Missiles
 o - 4 javelins (quivered)
Armour
 c - a +0 buckler (worn)
 h - a +1 plate armour (worn)
Jewellery
 e - a ring of see invisible (left hand)
Scrolls
 q - 2 scrolls of identify
Potions
 a - a potion of lignification
 d - 2 potions of might
 f - a potion of haste {unknown}
 g - a potion of cancellation {unknown}
 j - 2 potions of curing
 k - a potion of invisibility {unknown}
 n - a potion of resistance {unknown}
 r - a potion of ambrosia {unknown}

Dungeon Overview and Level Annotations

Branches:
Dungeon (6/15)             Temple (0/1) D:6

Altars:
Gozag
Okawaru
Vehumet

Shops:
D:4 (

Annotations:
D:4 2 transporters, qw's ghost, amateur GrFi


Message History

The vampire mosquito bites you but does no damage.
You block the vampire mosquito's attack.
You slash the vampire mosquito!
The vampire mosquito is severely damaged.
You closely miss the vampire mosquito.
The vampire mosquito bites you but does no damage.
You block the vampire mosquito's attack.
The vampire mosquito bites you but does no damage. x3
You hit the vampire mosquito but do no damage.
The vampire mosquito is severely damaged.
You hit the vampire mosquito.
You block the vampire mosquito's attack.
The vampire mosquito bites you!
You block the vampire mosquito's attack.
The vampire mosquito bites you but does no damage. x2
You hit the vampire mosquito but do no damage.
The vampire mosquito is severely damaged.
You slash the vampire mosquito!
The vampire mosquito bites you but does no damage. x3
You slash the vampire mosquito!
The vampire mosquito is almost destroyed.
You barely miss the vampire mosquito.
The vampire mosquito bites you but does no damage.
The vampire mosquito barely misses you. x2
You block the vampire mosquito's attack.
The vampire mosquito barely misses you.
You miss the vampire mosquito.
The vampire mosquito is almost destroyed.
You barely miss the vampire mosquito. You miss the vampire mosquito.
You block the vampire mosquito's attack.
The vampire mosquito bites you but does no damage. x2
The vampire mosquito bites you.
The vampire mosquito bites you but does no damage. x3
The vampire mosquito bites you!
The vampire mosquito closely misses you.
You barely miss the vampire mosquito.
The vampire mosquito is almost destroyed.
You closely miss the vampire mosquito. x2
The vampire mosquito bites you. The vampire mosquito bites you!
You die...

~##~......##
.
~~~~~........
###.##
#########....
......# #....
#...#.. #....
.#.#... #....
..>.... #....
#..y## #....
#.y@# #....
......#y##
#.... .##.#
#..# ##### ..
##.# ( #.##
#..####
######
##....#
#.....
####.##
##..... #..#
#<.....


You could see 3 vampire mosquitoes.

Vanquished Creatures
  Sigmund (D:5)
  Edmund (D:5)
  A sky beast (D:6)
  A centaur (D:5)
  A phantom (D:4)
  Blork the orc (D:5)
  6 hounds
  A jelly (D:5)
  2 iguanas
  4 gnolls (D:5)
  3 adders
  4 worms
  A dart slug (D:4)
  9 orcs
  5 bats
  6 endoplasms
  2 giant cockroaches
  6 goblins
  11 hobgoblins
  3 kobolds
  4 quokkas
  4 ball pythons
  A frilled lizard (D:2)
  2 rats
80 creatures vanquished.

Notes
Turn   | Place    | Note
-------+----------+-------------------------------------------
     0 | D:1      | qw the Gargoyle Fighter began the quest for the Orb.
     0 | D:1      | Reached XP level 1. HP: 14/14 MP: 1/1
     0 | D:1      | 0 ||| qw: Version: 0.2-a-97-g499787f
     0 | D:1      | 0 ||| qw: Game counter: 52
     0 | D:1      | 0 ||| qw: Always use a shield: true
     0 | D:1      | 0 ||| qw: God list: Okawaru
     0 | D:1      | 0 ||| qw: Allow faded altars: false
     0 | D:1      | 0 ||| qw: Do Orc after D:15 true
     0 | D:1      | 0 ||| qw: Do second Lair branch before Depths: true
     0 | D:1      | 0 ||| qw: Lair rune preference: random
     0 | D:1      | 0 ||| qw: Plans: Normal, Zot:1-4, God:TSO, Crypt, Tomb,
                  | Pan, Slime:5, Hells, Abyss, Win
     0 | D:1      | 0 ||| PLANNING D:1-11
    87 | D:1      | Reached skill level 2 in Axes
   227 | D:1      | Reached XP level 2. HP: 10/19 MP: 2/2
   542 | D:1      | 542 ||| Stepping ~*~*~tactically~*~*~ (hiding).
   887 | D:1      | 887 ||| READING scroll labelled RUHOSUPTAU.
   888 | D:1      | 888 ||| READING scroll labelled YPIS ACVEHE.
   889 | D:1      | 889 ||| DRINKING 2 murky pink potions.
   994 | D:1      | 994 ||| DROPPING potion of berserk rage.
  1222 | D:2      | Reached skill level 3 in Axes
  1237 | D:2      | Reached XP level 3. HP: 23/23 MP: 3/3
  1380 | D:2      | 1380 ||| Stepping ~*~*~tactically~*~*~ (stealth).
  1853 | D:2      | 1853 ||| UPGRADING to ring of see invisible.
  1854 | D:2      | 1854 ||| READING scroll labelled KORHU RYDAU.
  1855 | D:2      | 1855 ||| DRINKING 3 fuming red potions.
  1856 | D:2      | 1856 ||| DRINKING 2 fuming golden potions.
  1857 | D:2      | 1857 ||| DROPPING 2 potions of flight.
  1937 | D:3      | You fall into a shaft and drop 1 floor!
  2224 | D:3      | Reached skill level 1 in Throwing
  2224 | D:3      | Reached XP level 4. HP: 28/28 MP: 4/4
  2441 | D:3      | 2441 ||| UPGRADING to +0 chain mail.
  2451 | D:3      | 2451 ||| DROPPING +0 scale mail.
  2452 | D:3      | 2452 ||| READING scroll labelled BITHRI GANEXZU.
  2453 | D:3      | 2453 ||| READING scroll labelled IZAUCLIPNAD.
  2484 | D:4      | Reached skill level 4 in Axes
  2537 | D:4      | 2537 ||| Stepping ~*~*~tactically~*~*~ (hiding).
  2650 | D:4      | Found a radiant altar of Vehumet.
  2652 | D:4      | 2652 ||| Stepping ~*~*~tactically~*~*~ (hiding).
  2653 | D:4      | 2653 ||| Stepping ~*~*~tactically~*~*~ (hiding).
  2666 | D:4      | 2666 ||| Stepping ~*~*~tactically~*~*~ (stealth).
  2674 | D:4      | Reached XP level 5. HP: 26/32 MP: 5/5
  2945 | D:4      | Found Miurph's Weapon Boutique.
  2951 | D:4      | 2951 ||| BUYING +0 flail (35 gold).
  2951 | D:4      | Bought a +0 flail for 35 gold pieces
  2951 | D:4      | 2951 ||| DROPPING +0 whip.
  3026 | D:4      | Noticed qw's ghost (amateur GrFi)
  3028 | D:4      | Found a transporter.
  3028 | D:4      | Noticed a phantom
  3029 | D:4      | 3029 ||| READING scroll labelled MAGAS RIUHAI.
  3054 | D:4      | Killed a phantom
  3055 | D:4      | Reached skill level 5 in Axes
  3110 | D:4      | Found a transporter.
  3141 | D:4      | 3141 ||| DROPPING scarf of invisibility.
  3142 | D:4      | 3142 ||| READING scroll labelled WENEFI HACIETH.
  3145 | D:4      | 3145 ||| READING scroll labelled GUNWUXZ YDGHESE.
  3169 | D:5      | Entered Level 5 of the Dungeon
  3169 | D:5      | Noticed Sigmund
  3177 | D:5      | 3177 ||| STAIRDANCE
  3234 | D:5      | 3234 ||| STAIRDANCE
  3247 | D:4      | Reached XP level 6. HP: 15/38 MP: 6/6
  3348 | D:5      | Killed Sigmund
  3349 | D:5      | Reached skill level 6 in Axes
  3349 | D:5      | Reached XP level 7. HP: 38/43 MP: 7/7
  3397 | D:5      | Reached skill level 1 in Dodging
  3521 | D:5      | Found an opulent altar of Gozag.
  3587 | D:5      | Noticed Blork the orc
  3588 | D:5      | 3588 ||| Stepping ~*~*~tactically~*~*~ (hiding).
  3599 | D:5      | Killed Blork the orc
  3693 | D:5      | Noticed Edmund
  3704 | D:5      | Killed Edmund
  3705 | D:5      | Reached skill level 7 in Axes
  3721 | D:5      | 3721 ||| DROPPING +0 flail.
  3972 | D:5      | Found an iron altar of Okawaru.
  3973 | D:5      | 3973 ||| PLANNING OKAWARU WORSHIP
  3973 | D:5      | 3973 ||| UPGRADING to +0 plate armour.
  3983 | D:5      | 3983 ||| DROPPING +0 chain mail.
  3984 | D:5      | 3984 ||| READING scroll of enchant armour.
  3984 | D:5      | 3984 ||| ENCHANTING +0 plate armour.
  3985 | D:5      | 3985 ||| READING scroll labelled QOFOENWEENUI.
  3988 | D:5      | Became a worshipper of Warmaster Okawaru
  3988 | D:5      | 3988 ||| PLANNING D:1-11
  4119 | D:5      | 4119 ||| READING 2 scrolls of identify.
  4119 | D:5      | 4119 ||| IDENTIFYING golden potion
  4170 | D:6      | Reached XP level 8. HP: 48/48 MP: 8/8
  4367 | D:6      | Found a staircase to the Ecumenical Temple.
  4381 | D:6      | HP: 8/50 [vampire mosquito (6)]
  4381 | D:6      | Slain by a vampire mosquito

Levels and vault maps discovered:
D:1:      tarquinn_simple_flora_water_f, layout_loops_ring,
          dreamdust_princess_corridor, hangedman_decor_push,
          chequers_serial_rivers_marsh, hangedman_decor_lopped
D:2:      layout_loops_ring, kennysheep_another_room
D:3:      layout_basic
D:4:      kennysheep_big_flooded_room, layout_basic, vehumet_altar_wand_db,
          serial_shops, shop, gammafunk_ghost_arena
D:5:      layout_loops_ring, nicolae_overflow_crystal_walls, kennysheep_mini,
          serial_glass, glass_columns_a, glass_columns_a, uniq_blork_the_orc,
          uniq_edmund, uniq_sigmund
D:6:      layout_basic, nicolae_ru_great_annihilating_truth,
          minmay_temple_entry_crystal_x, lightli_minifort

Skill      XL: |  1  2  3  4  5  6  7  8 |
---------------+-------------------------+-----
Axes           | 2 3 4 5 6 7 |  7.3
Throwing       | 1 |  1.0
Fighting       | 4 5 |  5.5
Dodging        | 1 |  1.5
Armour         | |  3.5
Shields        | |  3.2

Action                     |  1- 3 |  4- 6 |  7- 9 || total
---------------------------+-------+-------+-------++-------
  Melee: War axe           |    88 |    94 |    63 ||   245
  Throw: Javelin           |    36 |    16 |    21 ||    73
    Use: Scroll            |     3 |     5 |     3 ||    11
         Potion            |     3 |       |       ||     3
 Armour: Scale mail        |    39 |     2 |       ||    41
         Chain mail        |       |    50 |    29 ||    79
         Plate armour      |       |       |    28 ||    28
  Dodge: Dodged            |    26 |    28 |    26 ||    80
  Block: Buckler           |    19 |    13 |    17 ||    49

Table legend:
 A = Non-vault XP
 B = Vault XP
 C = Vault XP percentage of total XP
 D = Non-vault monster count
 E = Vault monster count
 F = Vault count percentage of total count
                 A         B        C        D         E       F
            +---------+---------+-------+---------+---------+-------
      Total |     921 |     516 |  35.9 |      74 |       6 |   7.5
            +---------+---------+-------+---------+---------+-------
        D:1 |      17 |       0 |   0.0 |      10 |       0 |   0.0
        D:2 |      47 |       0 |   0.0 |      18 |       0 |   0.0
        D:3 |      23 |       0 |   0.0 |      11 |       0 |   0.0
        D:4 |     246 |       7 |   2.8 |      17 |       3 |  15.0
        D:5 |     338 |     509 |  60.1 |      14 |       3 |  17.6
        D:6 |     250 |       0 |   0.0 |       4 |       0 |   0.0
            +---------+---------+-------+---------+---------+-------
